 Dungeon Crawl Stone Soup version 0.31-a0-233-g139696dc86 (webtiles) character file.

Game seed: 13096538689019972181

81 Gargoyl the Trooper (level 4, -1/29 HPs)
             Began as a Gargoyle Berserker on July 8, 2023.
             Was a Follower of Trog.
             Slain by a worm (4 damage)
             ... on level 2 of the Dungeon.
             The game lasted 00:01:28 (1121 turns).

Gargoyl the Trooper (Gargoyle Berserker)            Turns: 1121, Time: 00:01:29

Health: -1/29      AC:  6    Str: 20    XL:     4   Next: 42%
Magic:  4/4        EV: 10    Int:  8    God:    Trog [*.....]
Gold:   85         SH:  6    Dex: 11    Spells: 3/3 levels left

rFire   + . .        a - +0 hand axe
rCold   + . .        h - +0 kite shield
rNeg    + . .        b - +0 animal skin
rPois   ∞            (no helmet)
rElec   +            d - scarf {rC+ rF+}
rCorr   .            (no gloves)
SInv    .            i - +0 pair of boots
Will    .....        (no amulet)
Stlth   +            (no ring)
HPRegen 0.24/turn    (no ring)
MPRegen 0.09/turn

%: no passive effects
@: no status effects
A: sickness immunity, AC +3, negative energy resistance 1, electricity
resistance, torment resistance 1, petrification resistance
a: Renounce Religion, Berserk


You were on level 2 of the Dungeon.
You worshipped Trog.
Trog was aware of your devotion.
You visited 1 branch of the dungeon, and saw 2 of its levels.

You collected 85 gold pieces.

Inventory:

Hand Weapons
 a - a +0 hand axe (weapon)
Missiles
 f - a throwing net
Armour
 b - a +0 animal skin (worn)
 d - a scarf of resistance (worn)
 h - a +0 kite shield (worn)
 i - a +0 pair of boots (worn)
Scrolls
 e - 2 scrolls of identify
 g - a scroll of fear
 j - a scroll of vulnerability {unknown}
Potions
 c - a potion of curing {unknown}
 k - a potion of mutation {unknown}
 l - a potion of invisibility {unknown}


   Skills:
 + Level 4.1 Fighting
 + Level 3.5 Axes
 + Level 2.4 Armour
 + Level 2.3 Dodging
 + Level 0.1 Shields


You had 3 spell levels left.
You didn't know any spells.
Your spell library was empty.

Dungeon Overview and Level Annotations

Branches:
Dungeon (2/15)

Altars:


Innate Abilities, Weirdness & Mutations

You are immune to sickness and miasma.
Your stone body is resilient. (AC +3)
You are immune to poison.
You resist negative energy. (rN+)
You are resistant to electric shocks. (rElec)
You are resistant to unholy torment.
You are immune to petrification.


Message History

j - a scroll labelled PASEED NONI You feel yourself speed up.
You recover from your berserk rage.
k - a murky grey potion
Found an escape hatch in the ceiling.
Found a stone staircase leading up.
Found a cyan potion.
You now have 85 gold pieces (gained 6).
You see here 6 stones.
l - a cyan potion
e - 2 scrolls of identify (gained 1)
A worm comes into view.
A worm is nearby!
The worm bites you!
You slash the worm!
The worm is heavily wounded.
The worm barely misses you.
You hit the worm.
The worm is heavily wounded.
You hit the worm.
The worm is heavily wounded.
The worm bites you.
You barely miss the worm.
The worm is heavily wounded.
The worm bites you.
You slash the worm!
The worm is severely wounded.
The worm bites you.
You barely miss the worm.
The worm is severely wounded.
The worm bites you!
* * * LOW HITPOINT WARNING * * *
You hit the worm.
The worm is severely wounded.
You hit the worm but do no damage.
The worm is severely wounded.
You block the worm's attack.
You hit the worm.
The worm is almost dead.
The worm bites you.
You die...

#.##.#.#
#......#
#######...#####
..............#
#######..<.<...
#..####.# #..#
.# ###
#..####.#.....
#.....@w?.....
#...........#.
#######...##..
####


You could see a worm.

Vanquished Creatures
  4 gnolls (D:2)
  2 adders (D:2)
  A bat (D:1)
  An endoplasm (D:1)
  A giant cockroach (D:1)
  2 goblins (D:1)
  4 hobgoblins (D:1)
  4 jackals (D:2)
  2 quokkas
  2 ball pythons (D:1)
  A frilled lizard (D:1)
  A kobold (D:1)
  A rat (D:1)
26 creatures vanquished.

Notes
Turn   | Place    | Note
-------+----------+-------------------------------------------
     0 | D:1      | Gargoyl the Gargoyle Berserker began the quest for the Orb.
     0 | D:1      | Reached XP level 1. HP: 14/14 MP: 1/1
   246 | D:1      | Reached XP level 2. HP: 18/19 MP: 2/2
   790 | D:2      | Identified a scroll of acquirement
   791 | D:2      | Acquired a scarf of resistance
   855 | D:2      | Reached XP level 3. HP: 21/24 MP: 3/3
   983 | D:2      | Reached skill level 4 in Fighting
   983 | D:2      | Reached XP level 4. HP: 29/29 MP: 4/4
  1121 | D:2      | Slain by a worm

Illustrated notes

Levels and vault maps discovered:
D:1:      reono_arrival_mine, layout_loops_ring
D:2:      layout_loops_ring, serial_shops, shop, corexii_leaking_fountain,
          nicolae_grassy_gnolls

Skill      XL: |  1  2  3 |
---------------+----------+-----
Axes           | 3 |  3.5
Dodging        | 2 |  2.3
Fighting       | 4 |  4.1
Armour         | |  2.4
Shields        | |  0.1

Action                     |  1- 3 |  4- 6 || total
---------------------------+-------+-------++-------
  Melee: Hand axe          |    83 |    12 ||    95
         Punch             |     1 |       ||     1
 Invoke: Berserk           |     2 |       ||     2
    Use: Scroll            |     4 |       ||     4
 Armour: Animal skin       |    53 |     1 ||    54
  Dodge: Dodged            |    88 |     2 ||    90
  Block: Kite shield       |     3 |     3 ||     6

Table legend: (Time is in decaauts)
 A = Elapsed time spent in this place.
 B = Non-inter-level travel time spent in this place.
 C = Inter-level travel time spent in this place.
 D = Time resting spent in this place.
 E = Time spent auto-exploring this place.
 F = Levels seen in this place.
 G = Mean time per level.
                   A        B        C        D        E       F      G
               +--------+--------+--------+--------+--------+-----+--------+
         Total |   1159 |   1130 |     29 |      0 |    828 |   2 |  579.5 |
       Dungeon |   1159 |   1130 |     29 |      0 |    828 |   2 |  579.5 |
               +--------+--------+--------+--------+--------+-----+--------+

Top non-repeatable levels by time:
     D:1: 807 daAuts
     D:2: 351 daAuts
